 Dungeon Crawl Stone Soup version 0.23.1-37-gaa34b87b72 (webtiles) character file.

Game seed: 5470412070676782426

31823 Tazu the Basher (level 13, -8/141 HPs)
             Began as a Troll Berserker on Mar 25, 2019.
             Was a High Priest of Trog.
             Mangled by an entropy weaver (16 damage)
             ... on level 5 of the Lair of Beasts on Mar 26, 2019.
             The game lasted 00:48:39 (12973 turns).

Tazu the Basher (Troll Berserker)                  Turns: 12973, Time: 00:48:40

Health: -8/141     AC:  4    Str: 31    XL:     13   Next: 28%
Magic:  15/15      EV: 14    Int:  4    God:    Trog [*****.]
Gold:   1109       SH:  4    Dex:  9    Spells: 12/12 levels left

rFire    + . .     SeeInvis .   G - +10 morningstar "Eos" {elec, Halo rElec}
rCold    . . .     Gourm    +   (no shield)
rNeg     . . .     Faith    .   t - +2 robe {rF+}
rPois    .         Spirit   .   (helmet restricted)
rElec    +         Reflect  +   (no cloak)
rCorr    .         Harm     .   (gloves unavailable)
MR       .....                  (boots unavailable)
Stlth    +.........             z - +4 amulet of reflection
HPRegen  0.73/turn              i - ring of stealth
MPRegen  0.14/turn              M - +3 ring of evasion

@: about to teleport, corroded, berserk cooldown, slowed, glowing, very slow
A: large, unfitting armour, claws 3, fast metabolism 3, gourmand, regeneration
1, shaggy fur 1, tough skin 3
a: Berserk, Trog's Hand, Brothers in Arms, Renounce Religion


You were on level 5 of the Lair of Beasts.
You worshipped Trog.
Trog was extremely pleased with you.
You were full.

You visited 3 branches of the dungeon, and saw 16 of its levels.

You collected 1213 gold pieces.
You spent 104 gold pieces at shops.

Inventory:

Hand Weapons
 q - a +4 spear
 F - a +2 flail of protection
 G - the +10 morningstar "Eos" (weapon) {elec, Halo rElec}
   (You found it on level 5 of the Dungeon)

   Occasionally, upon striking a foe, it will discharge some electrical energy
   and cause terrible harm.
   It insulates you from electricity.
 L - a +3 arbalest of flaming
Missiles
 a - 19 large rocks
 e - 445 stones (quivered)
Armour
 t - a +2 robe of fire resistance (worn)
Jewellery
 i - a ring of stealth (left claw)
 z - a +4 amulet of reflection (around neck)
 D - an uncursed ring of protection from cold
 M - a +3 ring of evasion (right claw)
Wands
 r - a wand of clouds (6)
 s - a wand of random effects (20)
 u - a wand of paralysis (13)
 y - a wand of iceblast (5)
 A - a wand of scattershot (4)
 B - a wand of acid (28)
 I - a wand of digging (6)
Scrolls
 j - 8 scrolls of teleportation
 l - 2 scrolls of fear
 n - 2 scrolls of magic mapping
 o - a scroll of blinking
 v - a scroll of enchant weapon
 w - 5 scrolls of identify
 E - 6 scrolls of remove curse
 H - a scroll of brand weapon
 K - a scroll of fog
Potions
 d - 2 potions of berserk rage
 f - 6 potions of curing
 g - 5 potions of flight
 h - 4 potions of heal wounds
 k - 3 potions of invisibility
 m - a potion of brilliance
 p - 3 potions of lignification
 x - 3 potions of mutation
 C - 3 potions of cancellation
 J - 3 potions of haste
Miscellaneous
 b - a crystal ball of energy
 O - a fan of gales
Comestibles
 c - 27 rations


   Skills:
 + Level 12.8 Fighting
 + Level 13.9 Maces & Flails
 - Level 3.1 Throwing
 - Level 4.0 Dodging
 - Level 4.0 Evocations


You had 12 spell levels left.
You didn't know any spells.
Your spell library was empty.

Dungeon Overview and Level Annotations

Branches:
Dungeon (10/15)            Temple (1/1) D:4            Lair (5/6) D:8
 Shoals (0/4) Lair:3       Spider (0/4) Lair:3          Orc (0/2) D:10
  Slime: Lair:5-6

Altars:
Ashenzari
Cheibriados
Fedhas
Gozag
Hepliaklqana
Kikubaaqudgha
Nemelex Xobeh
Okawaru
Xom
Yredelemnul
Beogh

Shops:
D:8 *   D:10 [

Annotations:
Lair:2 exclusion: 2 oklob plants


Innate Abilities, Weirdness & Mutations

You are too large for most types of armour.
You have claws for hands.
Your metabolism is lightning-fast.
You like to eat raw meat.
Your natural rate of healing is unusually fast.
You are covered in fur. (AC +1)
You have extremely tough skin. (AC +3)


Message History

The entropy weaver misses you. The entropy weaver hits you!
* * * LOW HITPOINT WARNING * * *
The entropy weaver barely misses you.
You feel much better. The entropy weaver closely misses you.
The entropy weaver hits you. The entropy weaver misses you.
The entropy weaver closely misses you. The entropy weaver hits you!
* * * LOW HITPOINT WARNING * * *
The entropy weaver closely misses you. The entropy weaver barely misses you.
The entropy weaver hits you!
* * * LOW HITPOINT WARNING * * *
You feel much better. The entropy weaver hits you!
* * * LOW HITPOINT WARNING * * *
The entropy weaver hits you!
* * * LOW HITPOINT WARNING * * *
The entropy weaver hits you!
* * * LOW HITPOINT WARNING * * *
You block the entropy weaver's attack. x2
The entropy weaver barely misses you. The entropy weaver closely misses you.
The entropy weaver hits you!
You die...

....#.##...##....##
..†P###..##.......##
....###P.##P......P##
.......†............#
....................##
.....................######
....PP......†..............
...##PP.P'###..............
..######..)#....@a.........
..^# #..####..##(........
†.## ###..# ##..P#'##....}.
..P###....###..............
..###......#....#P.........
....##....#.#..............
...####..####...###........
...# ##.# ##..####.......
..P#######
#................


You could see an entropy weaver.

Vanquished Creatures
  An entropy weaver (Lair:5)
  Harold (D:7)
  5 hydras
  8 death yaks
  A cyclops (D:9)
  4 black mambas
  7 spiny frogs
  A komodo dragon (Lair:3)
  2 rime drakes
  13 blink frogs
  4 hippogriffs
  6 dream sheep (Lair:4)
  Grum (D:8)
  16 yaks
  4 hogs (D:7)
  A human (D:7)
  A basilisk (Lair:1)
  Edmund (D:5)
  Menkaure (D:5)
  11 soldier ants (Lair:5)
  6 water moccasins
  9 porcupines
  4 orc warriors
  3 sky beasts
  2 black bears
  An ice beast (D:8)
  3 phantoms
  6 ogres
  9 crocodiles
  9 wolves
  10 centaurs
  12 bullfrogs
  3 big kobolds
  Blork the orc (D:5)
  3 scorpions
  A wyvern skeleton (D:10)
  3 killer bees (D:8)
  5 wights (D:9)
  A howler monkey (D:4)
  3 crimson imps
  A bullfrog zombie (D:9)
  2 jellies
  2 centaur zombies
  Crazy Yiuf (D:5)
  4 hounds
  6 orc priests
  8 orc wizards
  3 iguanas
  5 worker ants
  A killer bee zombie (D:9)
  A howler monkey zombie (D:6)
  Robin (D:4)
  A worker ant zombie (D:8)
  13 adders
  A shadow imp (D:9)
  An ooze (D:4)
  4 adder zombies
  3 adder skeletons
  7 leopard geckos
  31 orcs
  16 bats
  9 giant cockroaches
  17 goblins
  7 hobgoblins
  14 jackals
  25 kobolds
  4 quokkas
  A ball python (D:4)
  6 frilled lizards
  9 rats
  2 bushes (Lair:2)
389 creatures vanquished.

Vanquished Creatures (others)
  3 fungi (Lair:5)
  A plant (Lair:5)
4 creatures vanquished.

Grand Total: 393 creatures vanquished

Notes
Turn   | Place    | Note
-------+----------+-------------------------------------------
     0 | D:1      | Tazu the Troll Berserker began the quest for the Orb.
     0 | D:1      | Reached XP level 1. HP: 22/22 MP: 0/0
   176 | D:1      | Reached XP level 2. HP: 29/29 MP: 1/1
   476 | D:1      | Reached skill level 3 in Maces & Flails
   503 | D:1      | Reached skill level 1 in Throwing
   537 | D:1      | Reached ** piety under Trog
   544 | D:1      | Reached XP level 3. HP: 36/36 MP: 2/2
   953 | D:2      | Reached XP level 4. HP: 34/45 MP: 3/3
  1078 | D:2      | Found a shattered altar of Ashenzari.
  1610 | D:3      | Found a snail-covered altar of Cheibriados.
  1810 | D:3      | Reached *** piety under Trog
  2307 | D:3      | Found a faded altar of an unknown god.
  2393 | D:4      | Reached XP level 5. HP: 52/53 MP: 4/4
  2396 | D:4      | Noticed an ogre
  2406 | D:4      | Killed an ogre
  2406 | D:4      | Reached skill level 4 in Maces & Flails
  2500 | D:4      | Found a shimmering altar of Xom.
  2517 | D:4      | Found a staircase to the Ecumenical Temple.
  2517 | D:4      | Noticed Robin
  2544 | D:4      | Reached XP level 6. HP: 62/62 MP: 5/5
  2623 | D:4      | Found a hazy altar of Hepliaklqana.
  2642 | D:4      | Killed Robin
  2663 | D:4      | Found a blossoming altar of Fedhas.
  2905 | D:4      | HP: 4/93 [phantom (7)]
  3103 | D:4      | Reached skill level 5 in Maces & Flails
  3114 | Temple   | Entered the Ecumenical Temple
  3304 | D:5      | Entered Level 5 of the Dungeon
  3304 | D:5      | Noticed Menkaure
  3333 | D:5      | Noticed a hippogriff
  3340 | D:4      | Reached XP level 7. HP: 62/71 MP: 6/6
  3428 | D:4      | Reached skill level 5 in Fighting
  3506 | D:4      | HP: 5/108 [sky beast (5)]
  3625 | D:4      | Killed a hippogriff
  3625 | D:4      | Reached skill level 6 in Maces & Flails
  3966 | D:6      | Reached **** piety under Trog
  3966 | D:6      | Reached XP level 8. HP: 76/83 MP: 7/7
  4399 | D:6      | Reached skill level 7 in Maces & Flails
  4661 | D:7      | Found a shimmering altar of Xom.
  4823 | D:7      | Noticed Harold
  5085 | D:8      | Found Yfruocw's Assorted Antiques.
  5142 | D:8      | Bought a scroll of identify for 52 gold pieces
  5142 | D:8      | Bought a scroll of identify for 52 gold pieces
  5224 | D:8      | Reached XP level 9. HP: 93/93 MP: 8/8
  5288 | D:8      | Reached skill level 8 in Maces & Flails
  5297 | D:8      | Noticed Grum
  5472 | D:5      | Noticed Blork the orc
  5480 | D:5      | Killed Blork the orc
  5480 | D:5      | Reached ***** piety under Trog
  5540 | D:5      | Killed Menkaure
  5667 | D:5      | Noticed Edmund
  5684 | D:5      | Killed Edmund
  5709 | D:5      | Found a runed translucent door.
  5710 | D:5      | Found the +10 morningstar "Eos" {elec, Halo rElec}
  5710 | D:5      | Noticed Crazy Yiuf
  5770 | D:5      | Killed Crazy Yiuf
  6008 | D:7      | Killed Harold
  6008 | D:7      | Reached skill level 9 in Maces & Flails
  6307 | D:7      | Reached XP level 10. HP: 106/106 MP: 9/9
  6583 | D:8      | Noticed a death yak
  6584 | D:8      | Noticed a death yak
  6640 | D:7      | Killed a death yak
  6640 | D:7      | Reached skill level 10 in Maces & Flails
  6691 | D:7      | Killed a death yak
  6839 | D:8      | Found a staircase to the Lair.
  6845 | D:8      | Noticed a death yak
  6858 | D:8      | Reached skill level 10 in Fighting
  6864 | D:8      | Killed a death yak
  6864 | D:8      | Reached skill level 11 in Maces & Flails
  6943 | D:8      | Found an iron altar of Okawaru.
  7032 | D:8      | Killed Grum
  7197 | D:9      | Reached XP level 11. HP: 110/118 MP: 10/10
  7346 | D:9      | Found a basalt altar of Yredelemnul.
  7551 | D:9      | Received a gift from Trog
  7883 | D:10     | Entered Level 10 of the Dungeon
  8160 | D:10     | Found a snail-covered altar of Cheibriados.
  8163 | D:10     | Found Cheibriados's Comfort Zone.
  8396 | D:10     | Found a staircase to the Orcish Mines.
  8407 | D:10     | Found a roughly hewn altar of Beogh.
  8628 | Lair:1   | Entered Level 1 of the Lair of Beasts
  8918 | Lair:1   | Reached skill level 12 in Maces & Flails
  9356 | Lair:2   | Reached skill level 1 in Evocations
  9462 | Lair:2   | Noticed an eight-headed hydra
  9476 | Lair:2   | Killed an eight-headed hydra
  9831 | Lair:2   | Noticed an oklob plant
  9832 | Lair:2   | Noticed an oklob plant
 10060 | Lair:2   | Reached XP level 12. HP: 72/130 MP: 12/12
 10256 | Lair:3   | Received a gift from Trog
 10268 | Lair:3   | Noticed a death yak
 10268 | Lair:3   | Noticed a death yak
 10268 | Lair:3   | Noticed a death yak
 10268 | Lair:3   | Noticed a death yak
 10269 | Lair:3   | Noticed a death yak
 10278 | Lair:2   | Killed a death yak
 10340 | Lair:2   | Killed a death yak
 10397 | Lair:2   | Killed a death yak
 10436 | Lair:3   | Noticed a six-headed hydra
 10443 | Lair:2   | Killed a death yak
 10446 | Lair:2   | Killed a death yak
 10517 | Lair:3   | Killed a six-headed hydra
 10571 | Lair:3   | Found a staircase to the Shoals.
 10582 | Lair:3   | Reached skill level 13 in Maces & Flails
 10750 | Lair:3   | Received a gift from Trog
 10919 | Lair:3   | Noticed a seven-headed hydra
 10927 | Lair:3   | Killed a seven-headed hydra
 11069 | Lair:3   | Found a hole to the Spider Nest.
 12134 | Lair:5   | Noticed a four-headed hydra
 12181 | Lair:5   | Noticed an entropy weaver
 12268 | Lair:5   | Noticed a six-headed hydra
 12278 | Lair:4   | Killed a six-headed hydra
 12278 | Lair:4   | Reached XP level 13. HP: 103/141 MP: 14/14
 12951 | Lair:5   | Killed an entropy weaver
 12963 | Lair:5   | Noticed an entropy weaver
 12973 | Lair:5   | Mangled by an entropy weaver

Skill      XL: |  1  2  3  4  5  6  7  8  9 10 11 12 13 |
---------------+----------------------------------------+-----
Maces & Flails | 3 4 5 6 7 9 11 12 13 | 13.9
Throwing       | 1 2 3 |  3.1
Dodging        | 3 4 |  4.0
Fighting       | 3 4 5 7 8 10 11 12 | 12.8
Evocations     | 2 3 4 |  4.0

Action                   |  1- 3 |  4- 6 |  7- 9 | 10-12 | 13-15 || total
-------------------------+-------+-------+-------+-------+-------++-------
Melee: Mace              |   142 |   283 |     1 |       |       ||   426
       Flail             |       |       |   286 |       |       ||   286
       Morningstar       |       |       |    25 |   414 |    70 ||   509
Throw: Stone             |       |     5 |       |       |       ||     5
Invok: Berserk           |     1 |     6 |     8 |    17 |     1 ||    33
       Trog's Hand       |       |     1 |     4 |     3 |     1 ||     9
  Use: Scroll            |     3 |     4 |     5 |    10 |     2 ||    24
       Potion            |       |       |       |     4 |     3 ||     7
 Stab: Sleeping          |     2 |     1 |       |       |       ||     3
  Eat: Chunk             |    14 |    26 |    41 |    66 |     9 ||   156
       Ration            |       |       |       |     1 |       ||     1
Armor: Animal skin       |    96 |     2 |       |       |       ||    98
       Robe              |       |   116 |    82 |    73 |    12 ||   283
Dodge: Dodged            |   111 |   157 |   142 |   203 |    49 ||   662
Block: Other             |       |       |    37 |    61 |     7 ||   105
       Reflection        |       |       |     1 |     6 |       ||     7
